 Dungeon Crawl Stone Soup version 0.30-a0-222-ge547ba4400 (webtiles) character file.

Game seed: 16494798490175735801

9 Jannitor the Cutter (level 2, -8/26 HPs)
             Began as an Armataur Chaos Knight on Oct 8, 2022.
             Was a Plaything of Xom.
             Mangled by a culicivora (shapeshifter) (21 damage)
             ... on level 1 of the Dungeon.
             The game lasted 00:01:19 (810 turns).

Jannitor the Cutter (Armataur Chaos Knight)          Turns: 810, Time: 00:01:20

Health: -8/26      AC:  6    Str: 17    XL:     2   Next: 3%
Magic:  2/2        EV:  9    Int: 12    God:    Xom [..*...]
Gold:   58         SH:  0    Dex:  9    Spells: 1/1 levels left

rFire   . . .      SeeInvis .    a - +0 short sword (chaos)
rCold   . . .      Faith    .    (no shield)
rNeg    . . .      Spirit   .    b - +2 leather armour
rPois   .          Reflect  .    (no helmet)
rElec   .          Harm     .    (no cloak)
rCorr   .          Roll     +    (no gloves)
Will    .....                    (no barding)
Stlth   +.........               (no amulet)
HPRegen 0.24/turn                (no ring)
MPRegen 0.08/turn                (no ring)

@: about to teleport
A: large, rugged brown scales 3, deformed body, armoured tail, roll, long
tongue, awkward tongue
a: Renounce Religion


You were on level 1 of the Dungeon.
You worshipped Xom.
You were a toy of Xom.
You visited 1 branch of the dungeon, and saw 1 of its levels.

You collected 58 gold pieces.

Inventory:

Hand Weapons
 a - a +0 short sword of chaos (weapon)
Missiles
 e - 5 poisoned darts
Armour
 b - a +2 leather armour (worn)
Scrolls
 d - a scroll of summoning {unknown}
 f - a scroll of blinking {unknown}
 g - a scroll of immolation {unknown}
 h - a scroll of fear {unknown}
 i - a scroll of identify {unknown}
Miscellaneous
 c - a piece from Xom's chessboard (15/15) (quivered)


   Skills:
 + Level 2.8 Fighting
 + Level 2.8 Short Blades
 + Level 2.6 Armour
 + Level 0.9 Dodging


You had one spell level left.
You didn't know any spells.
Your spell library was empty.

Dungeon Overview and Level Annotations

Branches:
Dungeon (1/15)

Altars:


Innate Abilities, Weirdness & Mutations

You are completely covered in rugged brown scales. (AC +3, +7% HP)
Armour fits poorly on your strangely shaped body.
You have a long armoured tail.
You roll when moving toward enemies. (Rampage)
Your long tongue fully drains potion bottles. (2x potion effects)
Your tongue gives you trouble enunciating. (1.5x scroll delay)


Message History

Xom is highly amused!
The giant cockroach barely misses you. x2
You hit the giant cockroach.
Your tail-slap misses the giant cockroach.
The giant cockroach is heavily wounded.
The giant cockroach barely misses you.
You hit the giant cockroach but do no damage.
The giant cockroach is heavily wounded.
The giant cockroach barely misses you.
The giant cockroach bites you but does no damage.
You hit the giant cockroach.
The giant cockroach changes into a shapeshifter!
The shapeshifter is heavily wounded.
The shapeshifter changes into a culicivora!
You miss the culicivora. The culicivora barely misses you.
A culicivora is nearby!
You swap places.
Your ball python zombie barely misses the culicivora.
Your ball python zombie misses the culicivora.
The culicivora bites your ball python zombie.
The culicivora barely misses your ball python zombie.
Your ball python zombie closely misses the culicivora.
Your ball python zombie grabs the culicivora.
Your ball python zombie constricts the culicivora.
The culicivora bites your ball python zombie!
Your ball python zombie is destroyed!
Press: ? - help, v - describe, . - travel
Here: a culicivora shaped shifter The floor.
Unknown command.
As you read the scroll labelled AROTTY KUNALU, it crumbles to dust.
You feel strangely unstable.
It was a scroll of teleportation.
The culicivora bites you!
Ouch! That really hurt!
The culicivora draws strength from your injuries!
The culicivora attacks as you move away!
The culicivora bites you!!
Ouch! That really hurt!
You die...
Xom cackles wildly!

############..#####
##.....## #.)....#######
#..Z..........
#################....######
#.Z........................
#.############..####..#..#.
#...##########..# ##.##...
###.##...s@.....### #..####
#.##.######.....####.####
#.##.# #.............#
#.##s# #.....######..#
#.##.# ####### #..# #.##.#
##.# #.##.# #####..
######.##.# #......
###.......[.# #.....#


You could see a culicivora shaped shifter.

Vanquished Creatures
  A bat (D:1)
  An endoplasm (D:1)
  2 hobgoblins (D:1)
  A ball python (D:1)
  2 frilled lizards (D:1)
7 creatures vanquished.

Vanquished Creatures (collateral kills)
  A hobgoblin (D:1)
1 creature vanquished.

Vanquished Creatures (others)
  A ball python zombie (D:1)
1 creature vanquished.

Grand Total: 9 creatures vanquished

Notes
Turn   | Place    | Note
-------+----------+-------------------------------------------
     0 | D:1      | Jannitor the Armataur Chaos Knight began the quest for the
                  | Orb.
     0 | D:1      | Reached XP level 1. HP: 19/19 MP: 1/1
    84 | D:1      | Found a faded altar of an unknown god.
   198 | D:1      | XOM: butterfly on damage
   296 | D:1      | XOM: divination: detect items
   543 | D:1      | XOM: silly message
   609 | D:1      | Reached XP level 2. HP: 23/26 MP: 2/2
   802 | D:1      | a giant cockroach changed into a shapeshifter
   802 | D:1      | Noticed a shapeshifter (shapeshifter)
   802 | D:1      | a shapeshifter changed into a culicivora
   802 | D:1      | Noticed a culicivora (shapeshifter)
   810 | D:1      | Mangled by a culicivora (shapeshifter)

Illustrated notes

Levels and vault maps discovered:
D:1:      minmay_arrival_doors, layout_basic, basic_ecumenical_altar

Action                   || total
-------------------------++-------
Melee: Short sword       ||    32
       Tailslap          ||     3
  Use: Scroll            ||     1
Armor: Leather armour    ||    15
Dodge: Dodged            ||    10

Table legend: (Time is in decaauts)
 A = Elapsed time spent in this place.
 B = Non-inter-level travel time spent in this place.
 C = Inter-level travel time spent in this place.
 D = Time resting spent in this place.
 E = Time spent auto-exploring this place.
 F = Levels seen in this place.
 G = Mean time per level.
                   A        B        C        D        E       F      G
               +--------+--------+--------+--------+--------+-----+--------+
         Total |    805 |    805 |      0 |      0 |    727 |   1 |  805.0 |
       Dungeon |    805 |    805 |      0 |      0 |    727 |   1 |  805.0 |
               +--------+--------+--------+--------+--------+-----+--------+

Top non-repeatable levels by time:
     D:1: 805 daAuts
